 Dungeon Crawl Stone Soup version 0.29.1-12-g30fa7ad0bf (webtiles) character file.

Game seed: 2515693635973546506

17252 MrSixtyFour the Covert (level 12, 0/56 HPs)
             Began as a Spriggan Brigand on Dec 16, 2022.
             Was an Elder of Vehumet.
             Slain by an orc warrior
             ... wielding a +2 scimitar of electrocution
              (16 damage)
             ... on level 2 of the Orcish Mines on Dec 17, 2022.
             The game lasted 01:53:16 (17052 turns).

MrSixtyFour the Covert (Spriggan Brigand)          Turns: 17052, Time: 01:53:21

Health: 0/56       AC: 11    Str: 12 (15) XL:     12   Next: 17%
Magic:  26/26      EV: 26    Int: 19 (20) God:    Vehumet [****..]
Gold:   1019       SH:  0    Dex: 25 (26) Spells: 17/29 levels left

rFire   + . .      SeeInvis +   M - +8 long sword of the Lurker {vorpal, rC+ rCorr Str+7 Stlth-}
rCold   + . .      Faith    .   (no shield)
rNeg    + + .      Spirit   .   b - +2 robe
rPois   .          Reflect  .   (helmet restricted)
rElec   .          Harm     .   c - +2 cloak
rCorr   +          Rampage  .   (gloves unavailable)
Will    ++...                   (boots unavailable)
Stlth   +++++.....              s - amulet of Memah {rF+ Regen+ SInv}
HPRegen 0.98/turn               u - ring of Accord {rN++ AC+4 Str+3}
MPRegen 0.20/turn               K - +6 ring of dexterity

@: very quick
A: very small, no large weapons, unfitting armour, see invisible, speed 3,
clever 2
a: Renounce Religion


You were on level 2 of the Orcish Mines.
You worshipped Vehumet.
Vehumet was greatly pleased with you.
You visited 3 branches of the dungeon, and saw 14 of its levels.
You also visited: Bailey.

You collected 1019 gold pieces.

Inventory:

Hand Weapons
 a - a +4 dagger of flaming
 l - a +3 quick blade
 D - a +2 dagger of holy wrath
 M - the +8 long sword of the Lurker (weapon) {vorpal, rC+ rCorr Str+7 Stlth-}
   (You found it on level 11 of the Dungeon)

   It inflicts extra damage upon your enemies.
   Str:       It affects your strength (+7).
   rC:        It protects you from cold.
   rCorr:     It protects you from acid and corrosion.
   Stlth:     It makes you less stealthy.
Missiles
 d - 23 poisoned darts (quivered)
 e - 10 curare-tipped darts
 n - 21 boomerangs
 x - a throwing net
Armour
 b - a +2 robe (worn)
 c - a +2 cloak (worn)
Jewellery
 h - a ring of resist corrosion
 s - the amulet of Memah (around neck) {rF+ Regen+ SInv}
   (You found it in a bailey)

   [amulet of regeneration]

   rF:        It protects you from fire.
   SInv:      It lets you see invisible.
   Regen:     It increases your rate of health regeneration.
 u - the ring of Accord (left hand) {rN++ AC+4 Str+3}
   (You found it in a bailey)

   [ring of protection]

   AC:        It affects your AC (+4).
   Str:       It affects your strength (+3).
   rN:        It greatly protects you from negative energy.
 C - a ring of wizardry
 H - a ring of fire
 K - a +6 ring of dexterity (right hand)
Wands
 j - a wand of iceblast (37)
 o - a wand of digging (8)
 t - a wand of acid (11)
 F - a wand of polymorph (1)
Scrolls
 f - 5 scrolls of teleportation
 i - 2 scrolls of fear
 k - a scroll of blinking
 r - 2 scrolls of acquirement
 A - 2 scrolls of amnesia
 G - a scroll of fog
 J - a scroll of silence
Potions
 g - 3 potions of resistance
 m - a potion of cancellation
 p - 3 potions of might
 q - 3 potions of brilliance
 w - 2 potions of flight
 z - 3 potions of haste
 L - a potion of ambrosia


   Skills:
 - Level 3.0 Fighting
 - Level 8.0(8.5) Short Blades
 + Level 3.4(5.2) Long Blades
 + Level 9.4 Throwing
 - Level 9.0 Dodging
 - Level 12.0 Stealth
 - Level 9.0 Spellcasting
 * Level 1.6 Conjurations
 - Level 6.0 Hexes
 + Level 3.7 Ice Magic
 - Level 2.0 Poison Magic
 - Level 8.0 Evocations


You had 17 spell levels left.
You knew the following spells:

 Your Spells              Type           Power      Damage    Failure   Level
a - Poisonous Vapours     Pois/Air       24%        N/A       2%          2
b - Dazzling Flash        Conj/Hex       46%        N/A       1%          3
c - Frozen Ramparts       Ice            44%        1d7       1%          3
d - Hailstorm             Conj/Ice       18%        3d6       7%          4

Your spell library contained the following spells:

 Spells                   Type           Power      Damage    Failure   Level
 Sandblast                Erth           16%        2d6       2%          1
 Stone Arrow              Conj/Erth      22%        3d8       5%          3
 Portal Projectile        Hex/Tloc       38%        N/A       7%          3
 Summon Guardian Golem    Hex/Summ       19%        N/A       7%          3
 Summon Small Mammal      Summ           32%        N/A       9%          1
 Passwall                 Tmut/Erth      6%         N/A       12%         2
 Call Canine Familiar     Summ           8%         N/A       24%         3
 Gell's Gravitas          Tloc           8%         N/A       24%         3
 Lesser Beckoning         Tloc           8%         N/A       24%         3
 Teleport Other           Tloc           8%         N/A       24%         3
 Leda's Liquefaction      Hex/Erth       9%         N/A       24%         4


Dungeon Overview and Level Annotations

Branches:
Dungeon (11/15)            Temple (1/1) D:5            Lair (0/5) D:11
    Orc (2/2) D:10            Elf (0/3) Orc:2        Bailey (visited)

Altars:
Ashenzari
Cheibriados
Dithmenos
Elyvilon
Fedhas
Gozag
Hepliaklqana
Kikubaaqudgha
Makhleb
Nemelex Xobeh
Okawaru
Qazlal
Ru
Sif Muna
Trog
Uskayaw
Vehumet
Wu Jian
Xom
Yredelemnul
Zin
The Shining One

Shops:
D:2 :   Orc:2 (*


Innate Abilities, Weirdness & Mutations

You are very small and have problems with some larger weapons.
You are too small for most types of armour.
You have supernaturally acute eyesight. (SInv)
You cover ground extremely quickly. (Speed+++)
Your mind is very acute. (Int +8, Str/Dex -2)


Message History

The two-headed ogre is moderately wounded.
Casting: Hailstorm (dangerous; 9% risk of failure)
Confirm with . or Enter, or press ? or * to list all spells.
Casting: Frozen Ramparts (safe; 1% risk of failure)
Press: ? - help, Dir - look around, f - activate The walls around you are covered in ice.
The wall freezes the two-headed ogre.
The two-headed ogre completely misses you. x2
You hit the two-headed ogre.
The two-headed ogre is severely wounded.
The wall freezes the two-headed ogre.
The two-headed ogre completely misses you.
The two-headed ogre hits you with a +0 giant club!
You slash the two-headed ogre!
The two-headed ogre is almost dead.
You hit the two-headed ogre but do no damage.
The two-headed ogre is almost dead.
You kill the two-headed ogre!
Vehumet accepts your kill.
The frozen ramparts melt away as you move.
Things that are here:
a +0 plate armour; a +0 glaive You see here a +0 trident.
d - 21 poisoned darts (gained 1)
d - 22 poisoned darts (gained 1)
d - 23 poisoned darts (gained 1)
Things that are here:
a +0 chain mail; a +0 hand axe; an orc skeleton
There is a stone staircase leading down, spattered with blood here.
Things that are here:
a +0 ring mail; a +0 whip You climb downwards.
The orc warrior barely misses you. x2
There is a stone staircase leading up here.
You barely miss the orc warrior.
The orc warrior hits you with a +0 battleaxe!!
The orc warrior hits you with a +2 scimitar of electrocution!
The orc warrior hits you with a +2 scimitar of electrocution.
* * * LOW HITPOINT WARNING * * *
You are electrocuted!
You die...

#### #..### ##....# .
##.....# .. #.o@o..###
## ....
###......[.##.##o...
###......o....#.....#
##.#.....#..........#
#......#.##.o.......#
#.#.....#####........#
###....####.........#
#......##...h.........
##.......#....#........


You could see an orc high priest (wandering), a warg (wandering), 2 orc warriors
and an orc.

Vanquished Creatures
  An orc warlord (Bailey)
  3 two-headed ogres
  An orc high priest (Orc:1)
  Amaemon (D:11)
  3 orc knights
  A manticore (D:10)
  Maurice (Orc:1)
  An orange demon (D:11)
  3 komodo dragons (D:11)
  5 trolls
  A hornet (D:10)
  A vampire (D:9)
  A shadow (D:11)
  Grum (D:8)
  6 wyverns
  A steam dragon (D:11)
  14 yaks
  4 wargs
  A water moccasin (D:7)
  An acid dragon (D:10)
  13 orc warriors
  3 ice beasts
  A black bear (D:6)
  3 ogres
  3 centaurs
  3 wolves (D:7)
  2 phantoms
  4 kobold brigands
  2 bullfrogs (D:9)
  A gnoll sergeant (D:5)
  3 necrophages (D:5)
  4 scorpions
  6 wights (D:9)
  6 killer bees (D:11)
  A jelly (D:5)
  A gnoll bouda (D:7)
  10 orc priests
  6 hounds
  6 iguanas
  10 orc wizards
  2 human simulacra (D:10)
  20 gnolls
  6 adders
  2 shadow imps (D:7)
  2 white imps (D:7)
  6 worms
  2 dart slugs
  46 orcs
  7 ball pythons
  7 bats
  12 endoplasms
  4 giant cockroaches
  14 hobgoblins
  19 jackals
  2 quokkas
  4 frilled lizards
  13 goblins
  40 kobolds
  3 rats
350 creatures vanquished.

Vanquished Creatures (others)
  3 bushes (D:5)
  3 fungi (Orc:2)
  5 plants (D:3)
11 creatures vanquished.

Grand Total: 361 creatures vanquished

Notes
Turn   | Place    | Note
-------+----------+-------------------------------------------
     0 | D:1      | MrSixtyFour the Spriggan Brigand began the quest for the
                  | Orb.
     0 | D:1      | Reached XP level 1. HP: 10/10 MP: 2/2
   194 | D:1      | Reached skill level 6 in Stealth
   500 | D:1      | Reached XP level 2. HP: 15/15 MP: 3/3
  1308 | D:1      | Reached XP level 3. HP: 7/18 MP: 4/4
  1527 | D:1      | Found a faded altar of an unknown god.
  1785 | D:2      | Found Suihav's Book Boutique.
  1814 | D:2      | Found a snail-covered altar of Cheibriados.
  2404 | D:2      | Reached XP level 4. HP: 23/23 MP: 5/5
  2663 | D:2      | Reached skill level 7 in Stealth
  3688 | D:3      | Reached XP level 5. HP: 27/27 MP: 6/6
  3745 | D:3      | Found a white marble altar of Elyvilon.
  4655 | D:4      | Reached skill level 8 in Stealth
  4681 | D:4      | Reached XP level 6. HP: 31/32 MP: 7/7
  5315 | D:4      | Identified a scroll of acquirement
  5315 | D:4      | Acquired a +3 quick blade
  5332 | D:5      | Entered Level 5 of the Dungeon
  5608 | D:5      | Reached XP level 7. HP: 35/36 MP: 8/8
  5644 | D:5      | Reached skill level 9 in Stealth
  5653 | D:5      | Reached skill level 1 in Spellcasting
  6184 | D:5      | Reached skill level 5 in Throwing
  6247 | D:5      | Reached skill level 10 in Stealth
  6404 | D:5      | Found a sacrificial altar of Ru.
  6404 | D:5      | Found a radiant altar of Vehumet.
  6404 | D:5      | Found a basalt altar of Yredelemnul.
  6432 | D:5      | Became a worshipper of Vehumet
  6540 | D:5      | Reached XP level 8. HP: 40/40 MP: 11/13
  6631 | D:5      | Reached skill level 5 in Short Blades
  6790 | D:5      | Found a staircase to the Ecumenical Temple.
  6966 | D:5      | Reached skill level 11 in Stealth
  7016 | Temple   | Entered the Ecumenical Temple
  7683 | D:6      | Reached * piety under Vehumet
  7683 | D:6      | Offered knowledge of Magic Dart by Vehumet.
  7737 | D:6      | Reached skill level 12 in Stealth
  7804 | D:6      | Gained mutation: Your mind is acute. (Int +4, Str/Dex -1)
                  | [potion of mutation]
  7804 | D:6      | Gained mutation: Your mind is very acute. (Int +8, Str/Dex
                  | -2) [potion of mutation]
  8176 | D:7      | Reached skill level 1 in Hexes
  8176 | D:7      | Reached skill level 1 in Evocations
  8248 | D:7      | Reached XP level 9. HP: 44/44 MP: 17/17
  8313 | D:7      | Found a flagged portal.
  8331 | Bailey   | Entered a bailey
  8345 | Bailey   | Noticed an orc warlord
  8392 | Bailey   | Noticed an orc knight
  8440 | Bailey   | Killed an orc knight
  8441 | Bailey   | Reached skill level 5 in Spellcasting
  8482 | Bailey   | Offered knowledge of Poisonous Vapours by Vehumet.
  8505 | Bailey   | Reached ** piety under Vehumet
  8534 | Bailey   | Found a runed translucent gate.
  8542 | Bailey   | Found a runed translucent gate.
  8543 | Bailey   | Found a runed translucent gate.
  8775 | Bailey   | Learned a level 2 spell: Poisonous Vapours
  8823 | Bailey   | Killed an orc warlord
  8883 | Bailey   | Identified the amulet of Memah {rF+ Regen+ SInv}
  8905 | Bailey   | Identified the ring of Accord {rN++ AC+4 Str+3}
  9565 | D:7      | Reached skill level 5 in Evocations
  9726 | D:8      | Reached XP level 10. HP: 49/49 MP: 21/21
  9742 | D:8      | Reached skill level 1 in Poison Magic
  9745 | D:8      | Identified the +0 long sword of the Ghost {speed, Str+4}
  9766 | D:8      | Offered knowledge of Mephitic Cloud by Vehumet.
  9766 | D:8      | Noticed Grum
  9793 | D:7      | Reached skill level 5 in Hexes
  9988 | D:8      | Reached *** piety under Vehumet
 10157 | D:8      | Killed Grum
 10382 | D:8      | Offered knowledge of Dazzling Flash by Vehumet.
 10402 | D:8      | Learned a level 3 spell: Dazzling Flash
 10617 | D:9      | Found a sparkling altar of Nemelex Xobeh.
 11417 | D:9      | Reached **** piety under Vehumet
 11418 | D:9      | Reached skill level 5 in Dodging
 11863 | D:10     | Entered Level 10 of the Dungeon
 12193 | D:10     | Reached XP level 11. HP: 52/52 MP: 19/25
 12197 | D:10     | Offered knowledge of Frozen Ramparts by Vehumet.
 12221 | D:10     | Found a staircase to the Orcish Mines.
 12442 | D:10     | Learned a level 3 spell: Frozen Ramparts
 12558 | D:10     | Found a bloodstained altar of Trog.
 12567 | D:10     | Found a broken altar of Ashenzari.
 12828 | D:10     | Noticed a two-headed ogre
 12834 | D:10     | Killed a two-headed ogre
 12835 | D:10     | Reached skill level 1 in Ice Magic
 13174 | Orc:1    | Entered Level 1 of the Orcish Mines
 13174 | Orc:1    | Noticed Maurice
 13174 | Orc:1    | Noticed an orc knight
 13338 | D:11     | Noticed a two-headed ogre
 13353 | D:11     | Killed a two-headed ogre
 13607 | D:11     | Found a staircase to the Lair.
 13737 | D:11     | Noticed Amaemon
 13767 | D:11     | Killed Amaemon
 14060 | D:11     | Identified the +8 long sword of the Lurker {vorpal, rC+
                  | rCorr Str+7 Stlth-}
 14129 | D:11     | Found an ornate altar of the Wu Jian Council.
 14264 | D:11     | Reached skill level 1 in Long Blades
 14631 | D:10     | Killed an orc knight
 14757 | D:10     | Reached ***** piety under Vehumet
 14813 | Orc:1    | Offered knowledge of Hailstorm by Vehumet.
 14883 | Orc:1    | Killed Maurice
 14996 | Orc:1    | You fall into a shaft and drop 1 floor!
 14996 | Orc:2    | Entered Level 2 of the Orcish Mines
 14996 | Orc:2    | Noticed an orc sorcerer
 14996 | Orc:2    | Noticed an orc sorcerer
 14996 | Orc:2    | Noticed an orc sorcerer
 14996 | Orc:2    | Noticed an orc warlord
 14996 | Orc:2    | Found Hiofir's General Store.
 14999 | Orc:2    | Noticed an orc sorcerer
 15000 | Orc:2    | Found Supivoe's Antique Weapon Boutique.
 15000 | Orc:2    | Noticed an orc knight
 15051 | Orc:2    | Noticed an orc knight
 15061 | Orc:2    | Found a staircase to the Elven Halls.
 15153 | Orc:1    | Noticed an orc knight
 15234 | Orc:1    | Killed an orc knight
 15235 | Orc:1    | Reached XP level 12. HP: 45/56 MP: 19/26
 16545 | Orc:2    | Noticed an orc high priest
 16661 | Orc:2    | Noticed an orc high priest
 16678 | Orc:2    | Noticed a two-headed ogre
 16696 | Orc:1    | Learned a level 4 spell: Hailstorm
 16859 | Orc:1    | Killed an orc high priest
 16860 | Orc:1    | Reached skill level 1 in Conjurations
 17001 | Orc:1    | Killed a two-headed ogre
 17052 | Orc:2    | Slain by an orc warrior

Illustrated notes

Levels and vault maps discovered:
D:1:      saegor_arrival_miasma, layout_basic, shapermc_ecumenical_altar_pompeii
D:2:      minmay_wonky_spiral, layout_basic, basic_altar, serial_shops,
          nicolae_shop_behind_doors, skrybe_limestone_x
D:3:      layout_basic, nicolae_elyvilon_temple_path
D:4:      layout_basic
D:5:      layout_basic, gammafunk_temple_overflow_claw,
          minmay_temple_entry_overgrown
D:6:      layout_loops_ring
D:7:      layout_basic, enter_bailey_3
D:8:      layout_cave_pools, uniq_grum
D:9:      layout_roguey, overflow_temple_1_default, serial_co_window_serial,
          co_window_of_opportunity_a, co_window_corner_a, co_window_corner_a,
          co_window_paths_a, co_window_paths_a, co_window_corner_b,
          co_window_of_opportunity_c, co_window_corner_ca, co_window_2corner,
          co_window_broadway_b, co_window_sun, glass_columns_a, glass_columns_b,
          glass_columns_a, glass_columns_c
D:10:     layout_irregular_city, grunt_temple_overflow_open, david_orc_3,
          bh_circular_ruins
D:11:     layout_loops_ring, erik_lair_dragon, nicolae_wu_jian_wuxing_cycle,
          uniq_amaemon
Temple:   nicolae_temple_no_exploring_needed
Orc:1:    layout_caves, nicolae_orc_stony_grotto, uniq_sonja, uniq_maurice
Orc:2:    grunt_orc_gardens, layout_diamond_mine, grunt_orc_garden,
          grunt_orc_garden, grunt_orc_garden, grunt_orc_garden,
          nicolae_orc_lost_temple

Skill      XL: |  1  2  3  4  5  6  7  8  9 10 11 12 |
---------------+-------------------------------------+-----
Stealth        | 6 7 8 10 12 | 12.0
Fighting       | 2 3 |  3.0
Throwing       | 3 4 5 6 7 9 |  9.4
Short Blades   | 4 6 8 |  8.0
Spellcasting   | 2 4 7 9 |  9.0
Hexes          | 1 4 6 |  6.0
Evocations     | 1 5 8 |  8.0
Poison Magic   | 2 |  2.0
Dodging        | 6 9 |  9.0
Ice Magic      | 3 |  3.7
Long Blades    | 3 |  3.4
Conjurations   | 1 |  1.6

Action                   |  1- 3 |  4- 6 |  7- 9 | 10-12 || total
-------------------------+-------+-------+-------+-------++-------
Melee: Dagger            |    93 |   169 |   434 |   375 ||  1071
       Punch             |     3 |     1 |     8 |     5 ||    17
       Long sword        |       |       |       |   140 ||   140
Throw: Dart              |    35 |    22 |    85 |    89 ||   231
       Boomerang         |       |       |     9 |    25 ||    34
       Throwing net      |       |       |     2 |     1 ||     3
 Cast: Poisonous Vapours |       |       |     5 |    81 ||    86
       Dazzling Flash    |       |       |       |    34 ||    34
       Frozen Ramparts   |       |       |       |    14 ||    14
       Hailstorm         |       |       |       |     2 ||     2
Evoke: Wand              |       |       |     3 |     9 ||    12
  Use: Scroll            |       |    12 |     7 |     6 ||    25
       Potion            |       |     2 |     9 |     3 ||    14
 Stab: Sleeping          |    14 |    16 |    11 |    10 ||    51
       Distracted        |       |     2 |     4 |       ||     6
       Held in net/web   |       |       |     2 |       ||     2
       Invisible         |       |       |       |    10 ||    10
Armor: Robe              |     9 |    17 |    29 |    61 ||   116
Dodge: Dodged            |    42 |    88 |   258 |   538 ||   926
